AoeStats
← Leda

Arabia

509369805Analyzed
1v1 RM · 7d ago on Sep 26, 2026· 60m 48s· 2 players
Game mode
Random Map
Map size
Tiny (2 player)
Population
200
Speed
Normal
Resources
Standard
Victory
Conquest
Starting age
Dark Age
Ending age
Imperial Age
RankedLock teamsTeams togetherTeam positionsShared explorationLock speedFull tech treeHidden civsTurbo modeCheats
Victory
Defeat
🇨🇿 Saxons · Czechia
911
+16
🇨🇿 Maya · Czechia
909
-45
Leda
0:45 Loom
10:13 Feudal Age
10:46 Town Watch
13:31 Wheelbarrow
19:03 Horse Collar
19:15 Double-Bit Axe
24:30 Forging
24:21 Scale Mail Armor
24:21 Padded Archer Armor
24:12 Fletching
29:43 Castle Age
33:44 Hand Cart
33:30 Town Patrol
34:18 Iron Casting
33:59 Chain Mail Armor
33:40 Bodkin Arrow
43:46 Leather Archer Armor
51:42 Ballistics
52:02 Fervor
57:25 Imperial Age
58:47 Plate Mail Armor
58:19 Bracer
59:19 Blast Furnace
58:50 Ring Archer Armor
odinson
10:05 Feudal Age
10:06 Loom
11:52 Wheelbarrow
11:11 Double-Bit Axe
11:52 Gold Mining
11:46 Horse Collar
20:45 Castle Age
19:52 Forging
19:35 Fletching
22:17 Bow Saw
22:13 Heavy Plow
21:37 Crossbowman
24:39 Iron Casting
33:38 Imperial Age
36:24 Arbalester
36:32 Elite Varangian Guard
40:25 Scale Mail Armor
40:21 Bodkin Arrow
40:27 Padded Archer Armor
42:09 Thumb Ring
51:57 Chain Mail Armor
51:43 Bracer
51:59 Leather Archer Armor
53:10 Conscription
53:25 Hoardings
52:11 Elite Hearth Troop
54:14 Plate Mail Armor
54:25 Elite Skirmisher
55:43 Ring Archer Armor
Connection lost

Rejoining the realm…

Still unreachable

The connection could not be restored.

Session expired

The server has moved on; the page needs a fresh start.